 Dungeon Crawl Stone Soup version 0.31.0-32-g396128a36d (webtiles) character file.

Game seed: 6720765657746329010

12663 Alphaeus the Grappler (level 11, -20/109 HPs)
             Began as a Troll Shapeshifter on Mar 18, 2024.
             Was an Initiate of Gozag.
             Demolished by an orc warrior
             ... wielding a +0 halberd
              (28 damage)
             ... in a bailey.
             The game lasted 00:12:33 (5846 turns).

Alphaeus the Grappler (Troll Shapeshifter)          Turns: 5846, Time: 00:12:34

Health: -20/109    AC:  5    Str: 34    XL:     11   Next: 65%
Magic:  10/10      EV: 14    Int:  6    God:    Gozag
Gold:   907        SH:  0    Dex:  9    Spells: 10/10 levels left

rFire   . .          .
                       - Unarmed
rCold   . . .        (no shield)
rNeg    . . .        p - +0 troll leather armour {Pargi}
rPois   .            (helmet currently unavailable)
rElec   .            (cloak currently unavailable)
rCorr   .            (gloves unavailable)
SInv    .            (boots unavailable)
Will    .....        (no amulet)
Stlth   +            B - +5 ring of evasion
HPRegen 1.98/turn    v - +6 ring of strength
MPRegen 0.12/turn

%: no passive effects
@: beast-form, gold aura
A: beast (slay +4), large, unfitting armour, claws 3, regeneration 1, shaggy fur
1, tough skin 1
a: Begin Untransformation, Renounce Religion, Potion Petition, Call Merchant,
Bribe Branch


You were in a bailey.
You worshipped Gozag.
Gozag was pleased with you.
You were a hulking beast.
You visited 2 branches of the dungeon, and saw 9 of its levels.
You also visited: Sewer and Bailey.

You collected 1085 gold pieces.
You spent 55 gold pieces at shops.
You paid 123 gold pieces to Gozag.

Inventory:

Hand Weapons
 a - the +8 sling of Finecaun {heavy, +Blink Str+2 Dex-5}
   (You found it on level 7 of the Dungeon)

   Str+2:     It affects your strength (+2).
   Dex-5:     It affects your dexterity (-5).
   +Blink:    It lets you blink.
Missiles
 n - a throwing net (quivered)
Armour
 p - a +0 troll leather armour (worn) {Pargi}
 F - a +0 animal skin
Jewellery
 v - a +6 ring of strength (right claw)
 A - a +6 ring of dexterity
 B - a +5 ring of evasion (left claw)
 D - an amulet of the acrobat
 G - a ring of ice
Talismans
 c - a beast talisman
 d - a flux talisman
 g - a talisman of death
Wands
 w - a wand of flame (30)
Scrolls
 k - a scroll of silence {unknown}
 l - 4 scrolls of vulnerability {unknown}
 q - 2 scrolls of summoning {unknown}
 r - 4 scrolls of teleportation {unknown}
 u - 3 scrolls of fog {unknown}
 y - a scroll of noise {unknown}
 z - a scroll of torment {unknown}
 C - a scroll of revelation {unknown}
Potions
 b - 3 potions of lignification
 f - a potion of resistance
 j - a potion of haste
 o - 3 potions of curing
 t - 2 potions of magic
 E - a potion of might {unknown}
 H - 2 potions of brilliance


   Skills:
 + Level 7.0 Fighting
 - Level 1.5 Dodging
 * Level 12.1 Unarmed Combat
 * Level 11.2 Shapeshifting


You had 10 spell levels left.
You didn't know any spells.
Your spell library contained the following spells:

 Spells                   Type           Power      Damage    Failure   Level
 Magic Dart               Conj           0%         1d3       50%         1
 Blink                    Tloc           0%         N/A       63%         2
 Call Imp                 Summ           0%         N/A       63%         2
 Gell's Gravitas          Tloc           0%         N/A       86%         3
 Ozocubu's Armour         Ice            0%         N/A       86%         3
 Teleport Other           Tloc           0%         N/A       86%         3
 Animate Armour           Summ/Erth      0%         N/A       99%         4
 Summon Lightning Spire   Summ/Air       0%         N/A       99%         4
 Lee's Rapid Deconstruct  Erth           0%         3d4*      100%        5
 Metabolic Englaciation   Hex/Ice        0%         N/A       100%        5
 Dispersal                Tloc           0%         N/A       100%        6
 Sculpt Simulacrum        Ice/Alch       0%         N/A       100%        6


Dungeon Overview and Level Annotations

Branches:
Dungeon (8/15)             Temple (1/1) D:6           Sewer (visited)
 Bailey (1/1)
   Lair: D:8-11

Altars:
Ashenzari
Cheibriados
Dithmenos
Elyvilon
Fedhas
Gozag
Hepliaklqana
Kikubaaqudgha
Makhleb
Nemelex Xobeh
Okawaru
Qazlal
Ru
Sif Muna
Trog
Uskayaw
Vehumet
Wu Jian
Xom
Yredelemnul
Zin
The Shining One

Shops:
D:1 [   D:3 ((*


Innate Abilities, Weirdness & Mutations

You are a hulking beast.
Your limbs bulge with bestial killing power. (Slay +4)
You are too large for most types of armour.
You have claws for hands.
Your natural rate of healing is unusually fast.
You are covered in fur. (AC +1)
You have tough skin. (AC +1)


Message History

The orc knight roars a battlecry!
The orc knight goes into a battle-frenzy!
You feel yourself speed up.
Your extra speed is starting to run out.
You recover from your berserk rage.
You feel yourself slow down.
The orc knight roars a battlecry!
The orcs go into a battle-frenzy!
You barely miss the orc knight.
The orc knight hits you with a +0 glaive!
You mangle the orc knight!!
The orc knight is moderately wounded.
The orc knight roars a battlecry!
The orc knight goes into a battle-frenzy!
The orc knight hits you with a +0 glaive!!!
You mangle the orc knight!!
The orc knight is severely wounded.
You scratch the orc knight but do no damage.
The orc knight is severely wounded.
The orc knight misses you.
You mangle the orc knight!!
You kill the orc knight!
The orc knight closely misses you.
Your Fighting skill increases to level 7!
The orc attacks as it pursues you! The orc barely misses you.
The orc warrior attacks as it pursues you!
The orc warrior hits you from afar with a +0 halberd!
Okay, then.
The air fills with toxic fumes!
As you read the scroll labelled FIUTOE DANOD, it crumbles to dust.
It was a scroll of poison.
The orc knight barely misses you.
The orc warrior hits you from afar with a +0 halberd!!
* * * LOW HITPOINT WARNING * * *
The orc barely misses you.
You feel better.
The orc knight hits you from afar with a +0 glaive!!
* * * LOW HITPOINT WARNING * * *
The orc warrior hits you from afar with a +0 halberd!!
You die...
Your body crumbles into a pile of gold.

....#######....≈##.#≈≈.....#
.........§§§§§§§#∩)##≈§§...#
.........§§§§§§§))).#§§§...#
.........§§§§§§§##.##§§§...#
......o..§§§§§§§§###§§§§...#
.........§§§§§§§§§§§§§§§...#
.........§§§§§§§§§§§§§§§...#
.........§§§§§o§§§§§§§§§...#
.........§§§§§o§h§§§§§§§...#
.........§§§§§o§§§§§§§§§..∩#
############################


You could see an orc knight (strong), an orc warrior (strong) and an orc
(strong).

Vanquished Creatures
  An orc knight (Bailey)
  An unseen horror (D:8)
  Maggie (D:8)
  A hornet (D:8)
  Prince Ribbit (D:5)
  A wyvern (D:8)
  A wraith (D:6)
  5 yaks (D:7)
  3 steam dragons
  A water moccasin (D:7)
  A sky beast (D:8)
  Pargi (Sewer)
  A black bear (D:5)
  2 ice beasts
  6 orc warriors (Bailey)
  2 ogres
  2 centaurs
  2 phantoms
  A kobold brigand (D:8)
  A brain worm (Sewer)
  3 bullfrogs
  A gnoll sergeant (D:7)
  3 scorpions
  15 killer bees
  5 howler monkeys (D:7)
  A bombardier beetle (D:7)
  2 hounds
  4 jellies
  5 orc priests
  5 iguanas
  Natasha (twice) (D:2)
  4 gnolls (D:7)
  7 adders
  A shadow imp (D:4)
  A white imp (D:6)
  4 ribbon worms (D:2)
  5 dart slugs
  24 orcs
  7 endoplasms
  5 giant cockroaches
  18 goblins
  14 hobgoblins
  7 kobolds
  A quokka (D:3)
  8 ball pythons
  4 bats
  8 frilled lizards
  8 rats
207 creatures vanquished.

Notes
Turn   | Place    | Note
-------+----------+-------------------------------------------
     0 | D:1      | Alphaeus the Troll Shapeshifter began the quest for the
                  | Orb.
     0 | D:1      | Reached XP level 1. HP: 18/18 MP: 0/0
    25 | D:1      | Found a faded altar of an unknown god.
   104 | D:1      | Reached skill level 1 in Fighting
   126 | D:1      | Reached XP level 2. HP: 26/27 MP: 1/1
   232 | D:1      | Found Ejaxzeorph's Armour Shoppe.
   679 | D:2      | Reached XP level 3. HP: 33/33 MP: 2/2
   679 | D:2      | Noticed Natasha
   683 | D:2      | Killed Natasha
   802 | D:2      | Noticed Natasha
   808 | D:2      | Killed Natasha
   809 | D:2      | Reached skill level 4 in Unarmed Combat
   809 | D:2      | Reached XP level 4. HP: 34/41 MP: 3/3
  1166 | D:3      | Found Nit Jaiq's General Store.
  1169 | D:3      | Bought a potion of heal wounds for 55 gold pieces
  1216 | D:3      | Found a glowing drain.
  1230 | Sewer    | Entered a sewer
  1273 | Sewer    | Noticed Pargi
  1282 | Sewer    | Killed Pargi
  1283 | Sewer    | Reached XP level 5. HP: 34/49 MP: 4/4
  1337 | Sewer    | Reached XP level 6. HP: 53/57 MP: 3/5
  1424 | D:3      | Reached skill level 5 in Unarmed Combat
  1577 | D:3      | Found Paerrod's Antique Weapon Emporium.
  1754 | D:3      | Found Jooq's Antique Weapon Shop.
  1997 | D:4      | Reached skill level 5 in Shapeshifting
  2353 | D:4      | Reached XP level 7. HP: 56/66 MP: 6/6
  2723 | D:5      | Entered Level 5 of the Dungeon
  2915 | D:5      | Reached skill level 6 in Unarmed Combat
  3226 | D:5      | Found a snail-covered altar of Cheibriados.
  3288 | D:5      | Noticed Prince Ribbit
  3306 | D:5      | Killed Prince Ribbit
  3307 | D:5      | Reached XP level 8. HP: 25/75 MP: 7/7
  3498 | D:6      | Reached skill level 7 in Unarmed Combat
  3738 | D:6      | Found a staircase to the Ecumenical Temple.
  3858 | Temple   | Entered the Ecumenical Temple
  3886 | Temple   | Became a worshipper of Gozag Ym Sagoz the Greedy
  4096 | D:7      | Reached skill level 8 in Unarmed Combat
  4099 | D:7      | Reached XP level 9. HP: 70/84 MP: 8/8
  4431 | D:7      | Reached skill level 9 in Unarmed Combat
  4435 | D:7      | Reached skill level 5 in Fighting
  4629 | D:7      | Identified the +8 sling of Finecaun {heavy, +Blink Str+2
                  | Dex-5}
  4879 | D:8      | Reached XP level 10. HP: 72/96 MP: 9/9
  4901 | D:8      | Paralysed by a hornet for 3 turns
  5126 | D:8      | Noticed Maggie
  5134 | D:8      | Killed Maggie
  5135 | D:8      | Reached skill level 10 in Unarmed Combat
  5341 | D:8      | Found a flagged portal.
  5395 | Bailey   | Entered a bailey
  5774 | Bailey   | Reached skill level 12 in Unarmed Combat
  5774 | Bailey   | Reached XP level 11. HP: 107/107 MP: 10/10
  5782 | Bailey   | Noticed an orc knight
  5782 | Bailey   | Noticed an orc knight
  5785 | Bailey   | HP: 2/107 [orc knight/+0 glaive (48)]
  5843 | Bailey   | Killed an orc knight
  5846 | Bailey   | Demolished by an orc warrior

Illustrated notes

Levels and vault maps discovered:
D:1:      spicycebolla_green_bress_n_ham_2, layout_basic, serial_shops,
          nicolae_shop_real_fake_doors, chequers_ecumenical_altar_island
D:2:      layout_basic, uniq_natasha
D:3:      kennysheep_the_goblin_king, layout_loops_ring, serial_shops,
          nicolae_shop_behind_doors, shop, shop, cheibrodos_sewer_entry_drain
D:4:      cheibrodos_greedy_goblins, layout_gridville, kennysheep_generic_room_9
D:5:      layout_loops_cross, kennysheep_little_box, uniq_prince_ribbit1
D:6:      layout_loops_ring, minmay_temple_entry_stoned_glass, minmay_holes
D:7:      layout_gridville
D:8:      layout_loops_corners, enter_bailey_8, kennysheep_cross_bottleneck,
          uniq_maurice, uniq_maggie
Temple:   mainiacjoe_temple_circle_huts
Bailey:   bailey_polearm_2, bailey

Skill      XL: |  1  2  3  4  5  6  7  8  9 10 11 |
---------------+----------------------------------+-----
Fighting       | 1 2 3 4 5 6 7 |  7.0
Unarmed Combat | 4 5 6 8 9 12 | 12.1
Shapeshifting  | 4 5 6 7 9 11 | 11.2
Dodging        | |  1.5

Action                     |  1- 3 |  4- 6 |  7- 9 | 10-12 || total
---------------------------+-------+-------+-------+-------++-------
  Melee: Unarmed           |    51 |   163 |   218 |   133 ||   565
         Punch             |       |     1 |     8 |     6 ||    15
    Use: Scroll            |       |     1 |       |     8 ||     9
         Potion            |       |       |       |     9 ||     9
   Stab: Distracted        |       |       |       |     1 ||     1
 Armour: Animal skin       |    30 |    34 |       |       ||    64
         Troll leather arm |       |    65 |   112 |   121 ||   298
  Dodge: Dodged            |    12 |    61 |   136 |   115 ||   324
